 Dungeon Crawl Stone Soup version 0.31.0-32-g396128a36d (webtiles) character file.

Game seed: 13566809499918227755

1918 PaiMei the Grave Robber (level 8, -8/60 HPs)
             Began as a Demonspawn Necromancer on Apr 17, 2024.
             Hit by a boomerang thrown by an orc warrior (13 damage)
             ... on level 6 of the Dungeon.
             The game lasted 00:10:43 (7240 turns).

PaiMei the Grave Robber (Demonspawn Necromancer)    Turns: 7240, Time: 00:10:43

Health: -8/60      AC:  4    Str:  9    XL:     8   Next: 95%
Magic:  1/16       EV: 14    Int: 23    God:
Gold:   281        SH:  0    Dex: 17    Spells: 14/18 levels left

rFire   . . .        o - +3 hand axe of Pirir {flame, +Blink Fly rPois rF+ Dex+3}
rCold   . . .        (no shield)
rNeg    + + +        s - +0 leather armour of Insurance {+Inv rF- rN+++ Regen+}
rPois   +            (no helmet)
rElec   .            k - +0 cloak
rCorr   .            (no gloves)
SInv    .            (boots unavailable)
Will    .....        (no amulet)
Stlth   +++          e - +6 ring of intelligence
HPRegen 1.10/turn    (no ring)
MPRegen 0.15/turn

%: no passive effects
@: flying
A: hooves 3, powered by death 1
a: Evoke Blink, Evoke Invisibility


You were on level 6 of the Dungeon.
You visited 1 branch of the dungeon, and saw 6 of its levels.

You collected 281 gold pieces.

Inventory:

Hand Weapons
 o - the +3 hand axe of Pirir (weapon) {flame, +Blink Fly rPois rF+ Dex+3}
   (You found it on level 2 of the Dungeon)

   Dex+3:     It affects your dexterity (+3).
   rF+:       It protects you from fire.
   rPois:     It protects you from poison Fly: It grants you flight.
   +Blink:    It lets you blink.
Missiles
 f - 14 poisoned darts (quivered)
Armour
 k - a +0 cloak (worn)
 s - the +0 leather armour of Insurance (worn) {+Inv rF- rN+++ Regen+}
   (You found it on level 3 of the Dungeon)

   rF-:       It makes you vulnerable to fire.
   rN+++:     It renders you almost immune to negative energy.
   +Inv:      It lets you turn invisible.
   Regen+:    It increases your rate of health regeneration.
 u - an orb of light
Jewellery
 e - a +6 ring of intelligence (left hand)
Wands
 c - a wand of roots (8)
Scrolls
 a - a scroll of torment {unknown}
 d - a scroll of immolation {unknown}
 g - a scroll of fear {unknown}
 i - 6 scrolls of identify {unknown}
 j - 2 scrolls of enchant armour {unknown}
 l - 2 scrolls of vulnerability {unknown}
 m - 3 scrolls of enchant weapon {unknown}
 q - a scroll of fog {unknown}
 t - a scroll of teleportation {unknown}
 v - a scroll of poison {unknown}
 w - a scroll of noise {unknown}
Potions
 b - a potion of magic
 h - 2 potions of heal wounds {unknown}
 n - a potion of curing {unknown}
 p - a potion of attraction {unknown}
 r - a potion of haste {unknown}
 x - a potion of resistance {unknown}


   Skills:
 + Level 4.2 Fighting
 + Level 5.5 Dodging
 - Level 4.0 Stealth
 + Level 5.6 Spellcasting
 + Level 7.8 Necromancy


You had 14 spell levels left.
You knew the following spells:

 Your Spells              Type           Power      Damage    Failure   Level
a - Necrotise             Necr           100%       1d9       1%          1
b - Vampiric Draining     Necr           42%        2d9       1%          3

Your spell library contained the following spells:

 Spells                   Type           Power      Damage    Failure   Level
 Animate Dead             Necr           42%        N/A       4%          4
 Sandblast                Erth           12%        2d6       13%         1
 Curse of Agony           Necr           42%        N/A       14%         5
 Anguish                  Hex/Necr       12%        N/A       26%         4
 Passwall                 Erth           6%         N/A       36%         3
 Stone Arrow              Conj/Erth      12%        3d7       36%         3
 Brom's Barrelling Bould  Conj/Erth      6%         2d3       77%         4
 Cause Fear               Hex            3%         N/A       77%         4
 Enfeeble                 Hex            3%         N/A       100%        7


Dungeon Overview and Level Annotations

Branches:
Dungeon (6/15)
 Temple: D:4-7

Altars:
Ashenzari
Nemelex Xobeh
Sif Muna
Vehumet
Yredelemnul

Shops:
D:2 *

Annotations:
D:4 3 runed translucent doors, Consumeair16's ghost, amateur GnWn


Innate Abilities, Weirdness & Mutations

You have hooves in place of feet.
You regenerate a little health from kills.


Message History

Aiming: Vampiric Draining (safe; 1% risk of failure)
Press: ? - help, Shift-Dir - straight line, f/p - gnoll bouda
Aim: a gnoll bouda, wielding a +0 whip and wearing a +0 robe (severely wounded)
You draw life force from the gnoll bouda!
You kill the gnoll bouda!
You feel life coursing into your body. The orc warrior misses you.
Casting: Vampiric Draining (safe; 1% risk of failure)
Confirm with . or Enter, or press ? or * to list all spells.
Aiming: Vampiric Draining (safe; 1% risk of failure)
Press: ? - help, Shift-Dir - straight line, f - orc warrior
Aim: an orc warrior, wielding a +0 battleaxe, wearing a +0 plate armour and quivering boomerangs (lightly wounded)
You draw life force from the orc warrior!
You feel life coursing into your body. The orc warrior closely misses you.
Casting: Vampiric Draining (safe; 1% risk of failure)
Confirm with . or Enter, or press ? or * to list all spells.
You don't have enough magic to cast this spell.
Casting: Vampiric Draining (safe; 1% risk of failure)
Confirm with . or Enter, or press ? or * to list all spells.
You don't have enough magic to cast this spell.
Casting: Vampiric Draining (safe; 1% risk of failure)
Confirm with . or Enter, or press ? or * to list all spells.
You don't have enough magic to cast this spell.
You hit the orc warrior but do no damage.
You kick the orc warrior, but do no damage.
The orc warrior is heavily wounded.
The orc warrior hits you with a +0 battleaxe!
The orc warrior closely misses you.
Casting: Vampiric Draining (safe; 1% risk of failure)
Confirm with . or Enter, or press ? or * to list all spells.
You don't have enough magic to cast this spell.
You barely miss the orc warrior.
You kick the orc warrior, but do no damage.
You punch the orc warrior, but do no damage.
The orc warrior is heavily wounded.
The orc warrior hits you with a +0 battleaxe!!
* * * LOW HITPOINT WARNING * * *
Your attacks no longer feel as feeble.
The orc warrior throws a boomerang.
The boomerang barely misses you.
The orc warrior throws a boomerang.
The boomerang hits you!
You die...

#...#... ....'## ####')#####.#
###...#.#####.....#### ##$##.....
....#......##.###....####.##.##.#
.........................$.......
~~~~~~~≈~≈~~~≈~~....≈~~~~~~~~≈~~≈
≈≈≈≈≈≈≈≈≈≈≈≈~≈≈~....~≈~≈≈≈≈≈≈≈≈≈≈
####~~~~~$~~~~~~....~~≈~~≈~≈~~~~#
.o #............................#
. #############@'''#############
#....# #....# #o...# #.)).#
#....# .'....'. ..'....'..8
....#8..8#....


You could see an orc warrior.

Vanquished Creatures
  Sigmund (D:5)
  A sky beast (D:3)
  2 centaurs (D:5)
  An ogre (D:6)
  A phantom (D:4)
  2 kobold brigands (D:6)
  A bullfrog (D:6)
  2 scorpions
  A howler monkey (D:6)
  A gnoll bouda (D:6)
  6 hounds
  4 jellies
  5 orc priests
  4 iguanas
  4 orc wizards
  Natasha (twice) (D:2)
  2 hound zombies (D:4)
  6 gnolls
  7 adders
  2 dart slugs
  19 orcs
  4 bats
  3 endoplasms
  5 giant cockroaches
  6 goblins
  8 hobgoblins
  9 jackals
  A quokka (D:2)
  A ball python (D:1)
  2 frilled lizards
  9 kobolds
  4 rats (D:1)
126 creatures vanquished.

Vanquished Creatures (collateral kills)
  An orc (D:5)
  A frilled lizard (D:1)
  A rat (D:3)
3 creatures vanquished.

Grand Total: 129 creatures vanquished

Notes
Turn   | Place    | Note
-------+----------+-------------------------------------------
     0 | D:1      | PaiMei the Demonspawn Necromancer began the quest for the
                  | Orb.
     0 | D:1      | Reached XP level 1. HP: 13/13 MP: 3/3
   322 | D:1      | Gained mutation: You regenerate a little health from kills.
                  | [demonic ancestry]
   322 | D:1      | Reached XP level 2. HP: 19/19 MP: 3/5
  1045 | D:2      | Found Toukkyec's Assorted Antiques.
  1141 | D:2      | Identified the +3 hand axe of Pirir {flame, +Blink Fly
                  | rPois rF+ Dex+3}
  1193 | D:2      | Reached XP level 3. HP: 24/24 MP: 1/6
  1429 | D:2      | Noticed Natasha
  1433 | D:2      | Killed Natasha
  1517 | D:2      | Noticed Natasha
  1530 | D:2      | Killed Natasha
  1531 | D:2      | Gained mutation: You have large cloven feet. [demonic
                  | ancestry]
  1531 | D:2      | Reached XP level 4. HP: 8/30 MP: 3/8
  1673 | D:3      | Reached skill level 5 in Necromancy
  1720 | D:3      | Found a shimmering blue altar of Sif Muna.
  1830 | D:3      | Noticed a sky beast
  1991 | D:2      | Learned a level 3 spell: Vampiric Draining
  2073 | D:3      | Found a faded altar of an unknown god.
  2314 | D:3      | Reached XP level 5. HP: 35/35 MP: 7/9
  2401 | D:3      | Identified the +0 leather armour of Insurance {+Inv rF-
                  | rN+++ Regen+}
  2658 | D:3      | Killed a sky beast
  2860 | D:4      | Noticed a phantom
  2867 | D:3      | Gained mutation: You have hoof-like feet. [demonic
                  | ancestry]
  2867 | D:3      | Reached XP level 6. HP: 41/41 MP: 4/11
  4016 | D:4      | Reached skill level 6 in Necromancy
  4016 | D:4      | Gained mutation: You have hooves in place of feet. [demonic
                  | ancestry]
  4016 | D:4      | Reached XP level 7. HP: 46/46 MP: 5/12
  4152 | D:4      | Reached skill level 1 in Fighting
  4362 | D:4      | Found a runed translucent gate.
  4362 | D:4      | Found a runed translucent gate.
  4362 | D:4      | Found a runed translucent gate.
  4362 | D:4      | Noticed Consumeair16's ghost (amateur GnWn)
  4387 | D:4      | Found a basalt altar of Yredelemnul.
  4681 | D:4      | Found a broken altar of Ashenzari.
  4759 | D:5      | Entered Level 5 of the Dungeon
  4975 | D:5      | Found a radiant altar of Vehumet.
  5121 | D:5      | Noticed Sigmund
  5732 | D:5      | Killed Sigmund
  5733 | D:5      | Reached XP level 8. HP: 57/57 MP: 2/15
  6040 | D:6      | Reached skill level 7 in Necromancy
  6185 | D:6      | Found a sparkling altar of Nemelex Xobeh.
  6316 | D:6      | Reached skill level 5 in Spellcasting
  6418 | D:6      | Reached skill level 5 in Dodging
  6828 | D:6      | Noticed a two-headed ogre
  7237 | D:6      | HP: 2/60 [orc warrior/+0 battleaxe (20)]
  7240 | D:6      | Hit by a boomerang thrown by an orc warrior

Illustrated notes

Levels and vault maps discovered:
D:1:      scummos_arrival_gate, layout_basic, minmay_misc_feat_rugged,
          minmay_misc_feat_enclosed
D:2:      layout_loops_cross, serial_shops, shop, uniq_natasha
D:3:      layout_basic, mainiacjoe_overflow_catwalk,
          chequers_ecumenical_altar_simple
D:4:      layout_rooms, cheibrodos_ashenzari_chains,
          nicolae_yredelemnul_ghost_church, grunt_ministairs_7,
          kennysheep_nondescript, kennysheep_generic_room_12
D:5:      layout_gridville, nicolae_vehumet_altar_sigil, corexii_shack,
          sigmund_army
D:6:      lemuel_castle_with_subvaults [lemuel_castle_interior_carwin_2],
          layout_loops_cross, mainiacjoe_overflow_concentric_impassable,
          serial_aquarium, aquarium_bridge_long_joined
          [aquarium_subvault_bridge, aquarium_subvault_bridge,
          aquarium_subvault_bridge, aquarium_subvault_bridge,
          aquarium_subvault_balcony, aquarium_subvault_wall], aquarium_window_1,
          aquarium_window_2, aquarium_view_2c, aquarium_balcony_3a,
          aquarium_pool_corner, nicolae_ossuary_entry_false_entrances,
          uniq_jeremiah

Skill      XL: |  1  2  3  4  5  6  7  8 |
---------------+-------------------------+-----
Stealth        | 2 3 4 |  4.0
Dodging        | 2 3 4 5 |  5.5
Necromancy     | 5 6 7 |  7.8
Spellcasting   | 3 4 5 |  5.6
Fighting       | 2 4 |  4.2

Action                     |  1- 3 |  4- 6 |  7- 9 || total
---------------------------+-------+-------+-------++-------
  Melee: Club              |    23 |       |       ||    23
         Hand axe          |     4 |    20 |    84 ||   108
         Kick              |       |       |    22 ||    22
         Punch             |       |       |     2 ||     2
   Cast: Necrotise         |    52 |    45 |   100 ||   197
         Vampiric Draining |       |    12 |    51 ||    63
   Stab: Sleeping          |       |       |     2 ||     2
 Armour: Robe              |    28 |     3 |       ||    31
         Leather armour    |       |    32 |   101 ||   133
  Dodge: Dodged            |    31 |    30 |   124 ||   185
